 Dungeon Crawl Stone Soup version 0.28-a0-1130-gc51a68064b (webtiles) character file.

Game seed: 15918605331093400780

2390 ReploidZero the Thaumaturge (level 9, -2/56 HPs)
             Began as a Djinni Fire Elementalist on Dec 12, 2021.
             Was a Believer of Nemelex Xobeh.
             Shot with a sling bullet by Joseph (13 damage)
             ... on level 7 of the Dungeon on Dec 13, 2021.
             The game lasted 00:25:59 (10179 turns).

ReploidZero the Thaumaturge (DjFE)                 Turns: 10179, Time: 00:26:00

Health: -2/56      AC:  7    Str:  7    XL:     9   Next: 74%
Gold:   259        EV: 13    Int: 21    God:    Nemelex Xobeh [**....] SH:  0 Dex: 20

rFire   + + .      SeeInvis .   j - +3 dagger
rCold   x . .      Faith    .   (no shield)
rNeg    . . .      Spirit   .   t - +2 robe {Will+}
rPois   ∞          Reflect  .   (helmet currently unavailable)
rElec   .          Harm     .   u - +2 cloak
rCorr   .          Rampage  .   (no gloves)
Will    +....                   (boots unavailable)
Stlth   ++........              (no amulet)
HPRegen 0.18/turn               h - +6 ring of dexterity
MPRegen 0.00/turn               w - ring of wizardry

@: appendages (expiring), flying
A: horns 2, flying, sickness immunity, fire resistance 2, cold vulnerability 1,
float, innate caster, hp casting, extra vitality 1
a: End Transformation, Renounce Religion, Draw Escape, Draw Destruction, Draw
Summoning


You were on level 7 of the Dungeon.
You worshipped Nemelex Xobeh.
Nemelex Xobeh was pleased with you.
You had temporarily grown beastly horns.
You visited 2 branches of the dungeon, and saw 8 of its levels.

You collected 259 gold pieces.

Inventory:

Hand Weapons
 j - a +3 dagger (weapon)
Armour
 t - a +2 robe of willpower (worn)
 u - a +2 cloak (worn)
Jewellery
 h - a +6 ring of dexterity (left hand)
 r - a ring of see invisible
 w - a ring of wizardry (right hand)
Wands
 a - a wand of digging (1)
Scrolls
 i - a scroll of fog
 o - a scroll of teleportation
Potions
 b - 2 potions of heal wounds
 c - 3 potions of brilliance
 d - 4 potions of curing
 e - a potion of cancellation
 f - 2 potions of might
 g - a potion of haste {unknown}
 k - a potion of lignification {unknown}
 l - 2 potions of mutation {unknown}
 n - a potion of resistance {unknown}
 p - 2 potions of ambrosia
 q - a potion of invisibility {unknown}
 s - a potion of magic {unknown}


   Skills:
 - Level 0.3 Fighting
 - Level 2.1 Dodging
 - Level 1.5 Stealth
 - Level 0.3 Unarmed Combat
 * Level 9.3 Spellcasting
 + Level 4.0 Invocations


You had 4 spell levels left.
You knew the following spells:

 Your Spells              Type           Power      Damage    Failure   Level
a - Foxfire               Conj/Fire      100%       2x1d9     1%          1
b - Scorch                Fire           98%        2d9       1%          2
c - Conjure Flame         Conj/Fire      49%        6-21      1%          3
d - Inner Flame           Hex/Fire       49%        N/A       1%          3
e - Flame Wave            Conj/Fire      49%        2d8       1%          4
f - Beastly Appendage     Tmut           98%        N/A       1%          1
g - Ensorcelled Hibernat  Hex/Ice        98%        N/A       1%          2
h - Ozocubu's Armour      Ice            49%        N/A       1%          3
i - Portal Projectile     Hex/Tloc       98%        N/A       1%          3
Your spell library was empty.

Dungeon Overview and Level Annotations

Branches:
Dungeon (7/15)             Temple (1/1) D:5

Altars:
Ashenzari
Cheibriados
Dithmenos
Fedhas
Gozag
Kikubaaqudgha
Makhleb
Nemelex Xobeh
Qazlal
Ru
Sif Muna
Uskayaw
Vehumet
Wu Jian
Xom
Yredelemnul
Zin
The Shining One
Beogh

Shops:
D:4 [

Annotations:
D:7 Joseph


Innate Abilities, Weirdness & Mutations

You have temporarily grown beastly horns.
You are flying.
You are immune to sickness and miasma.
You are immune to poison.
Your flesh is very heat resistant. (rF++)
You are vulnerable to cold. (rC-)
You float through the air rather than walking.
You learn spells naturally, not from books.
Your magical power is your life essence.
You have superior vitality. (+4 HP)


Message History

Joseph shoots a sling bullet.
The sling bullet hits you!
Joseph shoots a sling bullet.
The sling bullet hits you!
Joseph is nearby!
Casting: Scorch (safe; 1% risk of failure)
Confirm with . or Enter, or press ? or * to list all spells.
Okay, then.
Casting: Scorch (safe; 1% risk of failure)
Confirm with . or Enter, or press ? or * to list all spells.
Aiming: Ensorcelled Hibernation (safe; 1% risk of failure)
Press: ? - help, Shift-Dir - straight line, f - Joseph
Aim: Joseph, wielding a +0 hunting sling, wearing a +0 leather armour, quivering sling bullets and carrying a wand of digging (4) (chance to affect: 55%) Joseph resists with some effort.
Joseph shoots a sling bullet.
The sling bullet barely misses you.
Casting: Ensorcelled Hibernation (safe; 1% risk of failure)
Confirm with . or Enter, or press ? or * to list all spells.
Aiming: Ensorcelled Hibernation (safe; 1% risk of failure)
Press: ? - help, Shift-Dir - straight line, f/p - Joseph
Aim: Joseph, wielding a +0 hunting sling, wearing a +0 leather armour, quivering sling bullets and carrying a wand of digging (4) (chance to affect: 55%) Joseph resists with some effort.
Joseph shoots a sling bullet.
The sling bullet hits you.
* * * LOW HITPOINT WARNING * * *
Casting: Ensorcelled Hibernation (safe; 1% risk of failure)
Confirm with . or Enter, or press ? or * to list all spells.
Aiming: Ensorcelled Hibernation (safe; 1% risk of failure)
Press: ? - help, Shift-Dir - straight line, f/p - Joseph
Aim: Joseph, wielding a +0 hunting sling, wearing a +0 leather armour, quivering sling bullets and carrying a wand of digging (4) (chance to affect: 55%) Joseph resists with some effort.
* * * LOW HITPOINT WARNING * * *
Your transformation is almost over.
Joseph shoots a sling bullet.
The sling bullet closely misses you.
Casting: Ensorcelled Hibernation (safe; 1% risk of failure)
Confirm with . or Enter, or press ? or * to list all spells.
Aiming: Ensorcelled Hibernation (safe; 1% risk of failure)
Press: ? - help, Shift-Dir - straight line, f/p - Joseph
Aim: Joseph, wielding a +0 hunting sling, wearing a +0 leather armour, quivering sling bullets and carrying a wand of digging (4) (chance to affect: 55%) Joseph resists with some effort.
* * * LOW HITPOINT WARNING * * *
Joseph shoots a sling bullet.
The sling bullet hits you!
You die...
Your body disappears without a glow.

#. #.# .@#
#.#
#.##@#####
#.....)..#
######.#@#
##..# ##.#
#)# #.#
#.# #.#
#.# #.#


You could see Joseph.

Vanquished Creatures
  Menkaure (D:4)
  An acid dragon (D:5)
  An orc warrior (D:7)
  A sky beast (D:5)
  2 necrophages (D:6)
  2 black bears
  A centaur (D:6)
  2 ogres
  A phantom (D:5)
  2 bullfrogs
  A scorpion (D:5)
  3 wights (D:7)
  2 howler monkeys (D:7)
  A centaur zombie (D:5)
  2 bullfrog zombies (D:5)
  2 hounds (D:6)
  5 orc priests
  A centaur skeleton (D:5)
  3 jellies
  A scorpion zombie (D:5)
  3 iguanas
  6 orc wizards
  A killer bee zombie (D:5)
  A hound skeleton (D:4)
  A howler monkey skeleton (D:7)
  7 adders
  A white imp (D:3)
  An adder zombie (D:5)
  3 worms
  2 dart slugs
  17 orcs
  5 bats
  10 endoplasms
  3 giant cockroaches
  8 goblins
  10 hobgoblins
  13 jackals
  7 kobolds
  4 quokkas
  6 ball pythons
  6 frilled lizards
  6 rats
156 creatures vanquished.

Vanquished Creatures (collateral kills)
  3 foxfires (D:1)
3 creatures vanquished.

Vanquished Creatures (others)
  338 foxfires
  A plant (D:1)
339 creatures vanquished.

Grand Total: 498 creatures vanquished

Notes
Turn   | Place    | Note
-------+----------+-------------------------------------------
     0 | D:1      | ReploidZero the Djinni Fire Elementalist began the quest
                  | for the Orb.
     0 | D:1      | Reached XP level 1. HP: 15/15 MP: 0/0
   252 | D:1      | Reached XP level 2. HP: 10/21 MP: 0/0
   258 | D:1      | You are sucked into a shaft and drop 1 floor!
   531 | D:2      | Reached skill level 3 in Spellcasting
   698 | D:2      | Reached XP level 3. HP: 15/25 MP: 0/0
   698 | D:2      | Learned a level 1 spell: Beastly Appendage
  1501 | D:1      | Found a faded altar of an unknown god.
  1654 | D:1      | Reached XP level 4. HP: 28/31 MP: 0/0
  3002 | D:3      | Found a broken altar of Ashenzari.
  3012 | D:3      | Reached skill level 4 in Spellcasting
  3271 | D:3      | Reached XP level 5. HP: 31/35 MP: 0/0
  3271 | D:3      | Learned a level 2 spell: Ensorcelled Hibernation
  4532 | D:4      | Found Ibroasi's Armour Emporium.
  4710 | D:4      | Found a blossoming altar of Fedhas.
  4987 | D:4      | Reached XP level 6. HP: 37/40 MP: 0/0
  5139 | D:4      | Noticed a black bear
  5146 | D:4      | Killed a black bear
  5147 | D:4      | Reached skill level 5 in Spellcasting
  5245 | D:4      | Noticed Menkaure
  5249 | D:4      | Killed Menkaure
  5250 | D:4      | Reached XP level 7. HP: 43/45 MP: 0/0
  5250 | D:4      | Learned a level 3 spell: Ozocubu's Armour
  5423 | D:5      | Entered Level 5 of the Dungeon
  5524 | D:5      | Found a staircase to the Ecumenical Temple.
  5547 | D:5      | Reached skill level 6 in Spellcasting
  5567 | Temple   | Entered the Ecumenical Temple
  5791 | Temple   | Became a worshipper of Nemelex Xobeh the Trickster
  6421 | D:5      | Noticed an acid dragon
  6430 | D:5      | Killed an acid dragon
  6431 | D:5      | Reached skill level 7 in Spellcasting
  6431 | D:5      | Reached XP level 8. HP: 39/50 MP: 0/0
  7274 | D:5      | Found a hide-covered altar of Uskayaw.
  7631 | D:5      | Reached skill level 8 in Spellcasting
  7903 | D:6      | Reached skill level 1 in Invocations
  7907 | D:6      | Reached XP level 9. HP: 50/56 MP: 0/0
  7907 | D:6      | Learned a level 3 spell: Portal Projectile
  8309 | D:6      | Reached * piety under Nemelex Xobeh
  8325 | D:6      | Found a stormy altar of Qazlal.
  8441 | D:6      | Received a gift from Nemelex Xobeh
  9126 | D:6      | Reached skill level 9 in Spellcasting
  9648 | D:7      | Reached ** piety under Nemelex Xobeh
 10019 | D:7      | Received a gift from Nemelex Xobeh
 10171 | D:7      | Noticed Joseph
 10179 | D:7      | Shot with a sling bullet by Joseph

Illustrated notes

Levels and vault maps discovered:
D:1:      saegor_arrival_simple_a, layout_basic, serial_bayou,
          serial_bayou_pond_b, serial_bayou_pond_e, serial_bayou_pond_e,
          serial_bayou_lagoon_a, shapermc_ecumenical_altar_mp_highgroup,
          minmay_misc_feat_more_columns
D:2:      layout_rooms
D:3:      minmay_octagon_keep, layout_loops_ring, mainiacjoe_overflow_catwalk,
          mainiacjoe_overflow_24_doors, vehumet_crystals
D:4:      layout_rooms, mainiacjoe_overflow_tiny_flanked,
          nicolae_overflow_hidden_temple, serial_shops, shop,
          kennysheep_orc_chapel, uniq_menkaure
D:5:      layout_layer_cave, mainiacjoe_overflow_surrounded_room,
          minmay_temple_entry_statues_pillars, minmay_diced_spiral
D:6:      layout_basic, nicolae_overflow_crystal_walls
D:7:      layout_loops_ring, uniq_joseph
Temple:   chequers_temple_sunken

Skill      XL: |  1  2  3  4  5  6  7  8  9 |
---------------+----------------------------+-----
Spellcasting   | 3 4 5 7 8 9 |  9.3
Invocations    | 1 4 |  4.0
Fighting       | |  0.3
Dodging        | |  2.1
Stealth        | |  1.5
Unarmed Combat | |  0.3

Action                   |  1- 3 |  4- 6 |  7- 9 || total
-------------------------+-------+-------+-------++-------
Melee: Unarmed           |     4 |     4 |       ||     8
       Headbutt          |       |     1 |       ||     1
       Dagger            |       |       |    41 ||    41
 Cast: Foxfire           |    50 |    88 |    73 ||   211
       Scorch            |    12 |    52 |    74 ||   138
       Beastly Appendage |       |     3 |     5 ||     8
       Ozocubu's Armour  |       |       |     2 ||     2
       Ensorcelled Hiber |       |       |     8 ||     8
       Inner Flame       |       |       |     2 ||     2
       Flame Wave        |       |       |     2 ||     2
       Conjure Flame     |       |       |     1 ||     1
  Use: Scroll            |     4 |     5 |     7 ||    16
 Stab: Sleeping          |       |       |     6 ||     6
       Distracted        |       |       |     1 ||     1
Armor: Robe              |     4 |     4 |    40 ||    48
Dodge: Dodged            |     7 |    18 |    54 ||    79

Table legend: (Time is in decaauts)
 A = Elapsed time spent in this place.
 B = Non-inter-level travel time spent in this place.
 C = Inter-level travel time spent in this place.
 D = Time resting spent in this place.
 E = Time spent auto-exploring this place.
 F = Levels seen in this place.
 G = Mean time per level.
                   A        B        C        D        E       F      G
               +--------+--------+--------+--------+--------+-----+--------+
         Total |  10181 |   9847 |    334 |      0 |   8773 |   8 | 1272.6 |
       Dungeon |   9550 |   9256 |    294 |      0 |   8195 |   7 | 1364.3 |
        Temple |    630 |    590 |     40 |      0 |    578 |   1 |  630.0 |
               +--------+--------+--------+--------+--------+-----+--------+

Top non-repeatable levels by time:
     D:3: 1809 daAuts
     D:5: 1748 daAuts
     D:6: 1520 daAuts
     D:1: 1486 daAuts
     D:2: 1398 daAuts
     D:7: 853 daAuts
     D:4: 734 daAuts
  Temple: 630 daAuts
